 Dungeon Crawl Stone Soup version 0.22-a0-409-gb855193 (webtiles) character file.

53 raistware the Magician (level 3, -2/24 HPs)
             Began as a Mummy Wizard on May 10, 2018.
             Slain by a centaur (7 damage)
             ... on level 2 of the Dungeon.
             The game lasted 00:04:50 (1410 turns).

raistware the Magician (Mummy Wizard)               Turns: 1410, Time: 00:04:51

Health: -2/24      AC:  2    Str: 10    XL:     3   Next: 62%
Magic:  1/8        EV: 12    Int: 18    God:
Gold:   72         SH:  0    Dex: 10    Spells: 2/10 levels left

rFire    x . .     SeeInvis .   e - +1 hand axe
rCold    + . .     Gourm    .   (no shield)
rNeg     + + +     Faith    .   a - +0 robe
rPois    ∞         Spirit   .   b - +0 hat
rElec    .         Reflect  .   (no cloak)
rCorr    .         Harm     .   (no gloves)
MR       .....                  (no boots)
Stlth    ++........             (no amulet)
HPRegen  0.08/turn              (no ring)
MPRegen  0.11/turn              (no ring)

@: very slightly contaminated
A: no food or potions, fire vulnerability, cold resistance 1, negative energy
resistance 3, torment resistance, unbreathing
a: no special abilities


You were on level 2 of the Dungeon.
You were not hungry.

You visited 1 branch of the dungeon, and saw 2 of its levels.

You collected 72 gold pieces.

Inventory:

Hand Weapons
 e - a +1 hand axe (weapon)
Armour
 a - a +0 robe (worn)
 b - a +0 hat (worn)
Jewellery
 g - an uncursed ring of teleportation
Scrolls
 d - 2 scrolls of magic mapping
 f - a scroll of identify
 h - a scroll of immolation


   Skills:
 - Level 1.5 Dodging
 - Level 1.5 Stealth
 - Level 4.0 Spellcasting
 + Level 3.0 Conjurations
 - Level 0.7 Summonings
 - Level 0.7 Translocations


You had 2 spell levels left.
You knew the following spells:

 Your Spells              Type           Power        Failure   Level  Hunger
a - Magic Dart            Conj           ##..         4%          1    N/A
b - Blink                 Tloc           N/A          17%         2    N/A
c - Call Imp              Summ           #.......     17%         2    N/A
d - Conjure Flame         Conj/Fire      #.......     24%         3    N/A

Dungeon Overview and Level Annotations

Branches:
Dungeon (2/15)

Altars:
Makhleb


Innate Abilities, Weirdness & Mutations

You do not eat or drink.
Your flesh is vulnerable to fire.
You are immune to poison.
Your flesh is cold resistant. (rC+)
You are immune to negative energy. (rN+++)
You are immune to unholy pain and torment.
You can survive without breathing.


Message History

The centaur is moderately wounded.
The centaur hits you!
* * * LOW HITPOINT WARNING * * *
The centaur barely misses you.
You swap places.
The centaur wields an uncursed shortbow.
The centaur shoots an arrow.
The arrow hits your crimson imp!
Your crimson imp hits the centaur but does no damage.
As you read the scroll of enchant weapon, it crumbles to dust.
Your +0 hand axe glows red for a moment.
The centaur shoots an arrow.
The arrow hits your crimson imp.
Your crimson imp dies!
The centaur unwields an uncursed shortbow.
The centaur completely misses you.
The centaur hits you but does no damage.
You see here 5 arrows.
You completely miss the centaur.
The centaur is moderately wounded.
The centaur hits you!
You die...

,,,,,,,,,,* #.###..###........
,,,,******* #.# #.......###...
,,*** ##.####.###..###.## ,**
##.#.###.###..##...# ,*
#.###............_.. ,*
**########..#.########..#...# ,**
*,......[.)#.##*####.#..##.##
,,***,#######..####......#.....##
,,,,,,* #...c@...#***,#.......
*,**,,*****#...######**#*#####.†.
,,**,,,............c..,....###.##
*****,,###.#..........>..†....<..
*,,* #.#..######.#*#†#####...
*,,* #,#..# *,,,,,,,* #..#
*,,***,#..* *,*,***** #..#
*,,,,,,[..* *,*,* #..#
****,*.#.#* *,*,* #..#


You could see a centaur.

Vanquished Creatures
  2 adders (D:2)
  A dart slug (D:1)
  3 leopard geckos (D:1)
  3 bats
  A giant cockroach (D:1)
  3 goblins (D:1)
  4 hobgoblins (D:1)
  5 kobolds
  A quokka (D:2)
  A frilled lizard (D:2)
  6 rats
30 creatures vanquished.

Notes
Turn   | Place    | Note
-------+----------+-------------------------------------------
     0 | D:1      | raistware the Mummy Wizard began the quest for the Orb.
     0 | D:1      | Reached XP level 1. HP: 13/13 MP: 5/5
     9 | D:1      | Reached skill level 1 in Conjurations
   346 | D:1      | Reached XP level 2. HP: 19/19 MP: 1/7
   350 | D:1      | Learned a level 2 spell: Blink
   353 | D:1      | Learned a level 2 spell: Call Imp
  1046 | D:1      | Reached XP level 3. HP: 22/24 MP: 1/8
  1051 | D:1      | Learned a level 3 spell: Conjure Flame
  1216 | D:2      | Found a burning altar of Makhleb.
  1396 | D:2      | Noticed a centaur
  1410 | D:2      | Slain by a centaur

Vault maps used:
D:1:      dpeg_arrival_simpleton_c, minmay_pentomino_r2
D:2:      nicolae_overflow_crystal_walls, lemuel_doored_altar, first_ration,
          uniq_robin

Skill      XL: |  1  2  3 |
---------------+----------+-----
Conjurations   | 1 2 3 |  3.0
Dodging        | |  1.5
Stealth        | |  1.5
Spellcasting   | |  4.0
Summonings     | |  0.7
Translocations | |  0.7

Action                   || total
-------------------------++-------
Melee: Unarmed           ||     6
       Hand axe          ||    32
 Cast: Magic Dart        ||    72
       Call Imp          ||     3
  Use: Scroll            ||     5
Armor: Robe              ||    12
Dodge: Dodged            ||    44

Table legend:
 A = Spawn XP
 B = Non-spawn XP
 C = Spawn XP percentage of total XP
 D = Spawn monster count
 E = Non-spawn monster count
 F = Spawn count percentage of total count
 G = Total turns spent on level
                    A         B        C        D         E        F      G
               +---------+---------+-------+---------+---------+-------+---------
         Total |       0 |      76 |   0.0 |       0 |      30 |   0.0 |  1410
               +---------+---------+-------+---------+---------+-------+---------
           D:1 |       0 |      42 |   0.0 |       0 |      21 |   0.0 |  1239
           D:2 |       0 |      34 |   0.0 |       0 |       9 |   0.0 |   171
               +---------+---------+-------+---------+---------+-------+---------
